 Dungeon Crawl Stone Soup version 0.31-a0-986-g5e6e4ef867 (webtiles) character file.

Game seed: 18343379741934396933

1467 themarg the Ruffian (level 8, -3/80 HPs)
             Began as a Troll Fighter on Nov 11, 2023.
             Was an Initiate of Okawaru.
             Slain by a hobgoblin
             ... wielding a +0 scythe
              (7 damage)
             ... on level 5 of the Dungeon.
             The game lasted 00:09:24 (4192 turns).

themarg the Ruffian (Troll Fighter)                 Turns: 4192, Time: 00:09:25

Health: -3/80      AC:  4    Str: 27    XL:     8   Next: 48%
Magic:  0/7        EV: 10    Int:  4    God:    Okawaru [......]
Gold:   211        SH:  0    Dex:  9    Spells: 7/7 levels left

rFire   . .          .
                       - Unarmed
rCold   . . .        o - orb {light}
rNeg    . . .        a - +0 robe
rPois   .            (helmet currently unavailable)
rElec   .            (cloak currently unavailable)
rCorr   .            (gloves unavailable)
SInv    .            (boots unavailable)
Will    .....        z - amulet of guardian spirit
Stlth   +            (no ring)
HPRegen 1.13/turn    (no ring)
MPRegen 0.10/turn

%: guardian spirit
@: mighty, beast-form, glowing
A: beast (slay +2), large, unfitting armour, claws 3, regeneration 1, shaggy fur
1, tough skin 1
a: Begin Untransformation, Renounce Religion


You were on level 5 of the Dungeon.
You worshipped Okawaru.
Okawaru was noncommittal.
You were a hulking beast.
You visited 1 branch of the dungeon, and saw 5 of its levels.

You collected 211 gold pieces.

Inventory:

Missiles
 e - 49 stones
 g - 20 poisoned darts (quivered)
 x - 7 boomerangs
Armour
 a - a +0 robe (worn)
 b - a +0 kite shield
 o - an orb of light (worn)
 w - the +2 cloak "Dits" {rN+}
   (You found it on level 4 of the Dungeon)

   rN+:       It protects you from negative energy.
Jewellery
 s - a ring of magical power
 z - an amulet of guardian spirit (around neck)
Talismans
 q - a serpent talisman
 t - a beast talisman (active)
Scrolls
 f - a scroll of fear
 i - 2 scrolls of silence {unknown}
 k - 2 scrolls of noise {unknown}
 l - 3 scrolls of teleportation
 m - 2 scrolls of poison {unknown}
 r - a scroll of fog {unknown}
 u - a scroll of brand weapon {unknown}
 v - a scroll of identify
 y - a scroll of enchant armour {unknown}
Potions
 d - 3 potions of enlightenment
 h - a potion of lignification {unknown}
 j - a potion of invisibility {unknown}
 n - a potion of ambrosia {unknown}
 p - 2 potions of heal wounds {unknown}


   Skills:
 - Level 5.0 Fighting
 - Level 2.4 Dodging
 - Level 2.6 Shields
 + Level 7.5 Unarmed Combat
 - Level 5.0 Shapeshifting


You had 7 spell levels left.
You didn't know any spells.
Your spell library contained the following spells:

 Spells                   Type           Power      Damage    Failure   Level
 Magic Dart               Conj           0%         1d3       50%         1
 Wereblood                Tmut           0%         N/A       65%         2
 Ignite Poison            Fire/Tmut/Pois 0%         N/A       86%         3
 Mephitic Cloud           Conj/Pois/Air  0%         N/A       86%         3
 Ozocubu's Armour         Ice            0%         N/A       86%         3
 Sticky Flame             Conj/Fire      0%         2d3       99%         4
 Irradiate                Conj/Tmut      0%         3d11      100%        5
 Metabolic Englaciation   Hex/Ice        0%         N/A       100%        5
 Ignition                 Fire           0%         3d3       100%        8
 Call Imp                 Summ           Unusable   N/A       N/A         2
 Simulacrum               Ice/Necr       Unusable   N/A       N/A         6

Dungeon Overview and Level Annotations

Branches:
Dungeon (5/15)
 Temple: D:4-7

Altars:
Kikubaaqudgha
Okawaru
Yredelemnul
The Shining One

Shops:
D:1 :   D:4 :


Innate Abilities, Weirdness & Mutations

You are a hulking beast.
Your limbs bulge with bestial killing power. (Slay +2)
You are too large for most types of armour.
You have claws for hands.
Your natural rate of healing is unusually fast.
You are covered in fur. (AC +1)
You have tough skin. (AC +1)


Message History

The hobgoblin hits you with a +0 scythe.
The hobgoblin hits you with a +0 scythe!
* * * LOW HITPOINT WARNING * * *
The hobgoblin barely misses you. x2
Things that are here:
a +0 scythe; a +0 robe The hobgoblin closely misses you. x2; The hobgoblin barely misses you. x2
There is an open door, spattered with blood here.
The hobgoblin barely misses you.
The hobgoblin attacks as it pursues you!
The hobgoblin barely misses you.
The hobgoblin attacks as it pursues you!
The hobgoblin closely misses you. The hobgoblin barely misses you.
The hobgoblin attacks as it pursues you!
The hobgoblin closely misses you.
You see here an iguana corpse.
The hobgoblin attacks as it pursues you!
The hobgoblin barely misses you.
You feel very mighty all of a sudden. The hobgoblin barely misses you.
The hobgoblin hits you from afar with a +0 scythe!
You mangle the hobgoblin!!
You kill the hobgoblin!
Okawaru accepts your kill.
The hobgoblin hits you from afar with a +0 scythe.
The hobgoblin barely misses you. The hobgoblin barely misses you.
The hobgoblin hits you with a +0 scythe!
* * * LOW HITPOINT WARNING * * *
The hobgoblin hits you with a +0 scythe!
* * * LOW HITPOINT WARNING * * *
You claw the hobgoblin!
You kill the hobgoblin!
Okawaru accepts your kill.
The hobgoblin hits you from afar with a +0 scythe!
* * * LOW HITPOINT WARNING * * *
The hobgoblin barely misses you.
The hobgoblin hits you from afar with a +0 scythe!
You die...

..)........#.........#####.......
...........#####>................
...........##############....≈..§
................# #........≈§
................# #.#...≈....
................# #.#......§.
......####......# #.#..≈.≈§..
......# ########## #.#....§§.≈
......# #...h)# #...§..§§..
......# #.###.#####.....≈.§..
......# #.#..)gg......≈..§≈..
......# #.#.#.##...##.......≈
####### #.#.#..##'##'..≈.≈... #
#.#.####.g)##......≈. #
#.#....#...##...≈.... #
#.###########.....§≈. #.#
#...##.≈.≈...


You could see 2 hobgoblins.

Vanquished Creatures
  Sigmund (D:5)
  Edmund (D:5)
  Duvessa (D:5)
  A black bear (D:4)
  An ogre (D:4)
  A kobold brigand (D:4)
  2 scorpions
  4 wights
  Dowan (D:5)
  3 hounds
  An orc priest (D:5)
  4 iguanas
  Robin (D:2)
  4 gnolls
  7 adders
  A worm (D:3)
  A dart slug (D:1)
  4 orcs (D:5)
  5 bats
  10 endoplasms
  3 giant cockroaches
  16 hobgoblins
  9 jackals (D:1)
  2 quokkas
  9 ball pythons
  4 frilled lizards
  12 goblins
  15 kobolds
  5 rats
  A spectral orc (D:5)
130 creatures vanquished.

Notes
Turn   | Place    | Note
-------+----------+-------------------------------------------
     0 | D:1      | themarg the Troll Fighter began the quest for the Orb.
     0 | D:1      | Reached XP level 1. HP: 22/22 MP: 0/0
    88 | D:1      | Reached XP level 2. HP: 29/29 MP: 1/1
   252 | D:1      | Found Huicluc's Vocational Training.
   383 | D:1      | Reached XP level 3. HP: 37/37 MP: 2/2
   588 | D:1      | Reached skill level 3 in Unarmed Combat
  1096 | D:2      | Noticed Robin
  1115 | D:2      | Killed Robin
  1116 | D:2      | Reached XP level 4. HP: 43/45 MP: 3/3
  1219 | D:2      | Found a basalt altar of Yredelemnul.
  1296 | D:2      | Reached XP level 5. HP: 52/54 MP: 4/4
  1578 | D:3      | Reached skill level 4 in Unarmed Combat
  1679 | D:3      | Found an ancient bone altar of Kikubaaqudgha.
  2347 | D:4      | Noticed an ogre
  2351 | D:4      | Killed an ogre
  2352 | D:4      | Reached skill level 1 in Shapeshifting
  2352 | D:4      | Reached XP level 6. HP: 33/62 MP: 5/5
  2476 | D:4      | Found Qerao's Book Boutique.
  2773 | D:4      | Reached skill level 5 in Unarmed Combat
  2791 | D:3      | Reached XP level 7. HP: 48/68 MP: 6/6
  2855 | D:4      | Reached skill level 5 in Fighting
  3010 | D:4      | Identified the +2 cloak "Dits" {rN+}
  3330 | D:5      | Entered Level 5 of the Dungeon
  3375 | D:5      | Reached skill level 6 in Unarmed Combat
  3458 | D:5      | Noticed Sigmund
  3478 | D:5      | Killed Sigmund
  3479 | D:5      | Reached XP level 8. HP: 60/80 MP: 4/7
  3513 | D:5      | Noticed Edmund
  3517 | D:5      | Killed Edmund
  3687 | D:5      | Noticed Duvessa
  3695 | D:5      | Killed Duvessa
  3696 | D:5      | Reached skill level 7 in Unarmed Combat
  3696 | D:5      | Reached skill level 5 in Shapeshifting
  3698 | D:5      | Noticed Dowan
  3704 | D:5      | Killed Dowan
  3794 | D:5      | Found an iron altar of Okawaru.
  3794 | D:5      | Found a glowing golden altar of the Shining One.
  3799 | D:5      | Became a worshipper of Warmaster Okawaru
  4141 | D:5      | Found a basalt altar of Yredelemnul.
  4191 | D:5      | HP: 3/80 [hobgoblin/+0 scythe (7)]
  4192 | D:5      | Slain by a hobgoblin

Illustrated notes

Levels and vault maps discovered:
D:1:      nicolae_arrival_somewhat_less_tricky_arrival, layout_loops_corners,
          nicolae_shop_vocational
D:2:      layout_rooms, basic_altar, uniq_robin
D:3:      layout_basic, mainiacjoe_overflow_catwalk
D:4:      layout_basic, serial_shops, nicolae_lakefront_shop
D:5:      layout_basic, yredelemnul_forgotten_temple_becter,
          nicolae_overflow_two_pavilions, nicolae_kite_square_tiling_tiny,
          sigmund_army, uniq_duvessa, uniq_sigmund, uniq_edmund

Skill      XL: |  1  2  3  4  5  6  7  8 |
---------------+-------------------------+-----
Fighting       | 3 4 5 |  5.0
Unarmed Combat | 3 4 5 6 7 |  7.5
Shapeshifting  | 1 2 4 5 |  5.0
Dodging        | |  2.4
Shields        | |  2.6

Action                     |  1- 3 |  4- 6 |  7- 9 || total
---------------------------+-------+-------+-------++-------
  Melee: Unarmed           |   110 |    95 |    75 ||   280
  Throw: Dart              |       |       |     5 ||     5
    Use: Scroll            |       |     1 |     2 ||     3
         Potion            |       |       |     1 ||     1
 Armour: Robe              |    55 |    73 |    59 ||   187
  Dodge: Dodged            |    35 |    47 |    48 ||   130
  Block: Kite shield       |    20 |       |       ||    20
   Form: Beast             |       |     1 |       ||     1

Table legend: (Time is in decaauts)
 A = Elapsed time spent in this place.
 B = Non-inter-level travel time spent in this place.
 C = Inter-level travel time spent in this place.
 D = Time resting spent in this place.
 E = Time spent auto-exploring this place.
 F = Levels seen in this place.
 G = Mean time per level.
                   A        B        C        D        E       F      G
               +--------+--------+--------+--------+--------+-----+--------+
         Total |   4184 |   4073 |    111 |     47 |   3275 |   5 |  836.8 |
       Dungeon |   4184 |   4073 |    111 |     47 |   3275 |   5 |  836.8 |
               +--------+--------+--------+--------+--------+-----+--------+

Top non-repeatable levels by time:
     D:1: 1062 daAuts
     D:4: 894 daAuts
     D:3: 868 daAuts
     D:5: 855 daAuts
     D:2: 503 daAuts
